AoeStats
← cortex1987

Arabian Desert

509422070Analyzed
1v1 RM · 5d ago on Sep 26, 2026· 27m 36s· 2 players
Game mode
Random Map
Map size
Tiny (2 player)
Population
200
Speed
Normal
Resources
Standard
Victory
Conquest
Starting age
Dark Age
Ending age
Imperial Age
RankedLock teamsTeams togetherTeam positionsShared explorationLock speedFull tech treeHidden civsTurbo modeCheats
Victory
Defeat
🇺🇸 Burgundians · United States
237
+14
🇬🇧 Goths · United Kingdom
190
-14
cortex1987
1:36 Loom
11:45 Feudal Age
13:34 Wheelbarrow
14:50 Forging
18:19 Gold Mining
19:52 Man-at-Arms
20:28 Horse Collar
22:58 Stone Mining
23:21 Scale Mail Armor
wubs
11:15 Feudal Age
19:50 Castle Age
17:39 Horse Collar
17:50 Double-Bit Axe
21:43 Forging
21:39 Scale Barding Armor
22:06 Bow Saw
22:05 Heavy Plow
Connection lost

Rejoining the realm…

Still unreachable

The connection could not be restored.

Session expired

The server has moved on; the page needs a fresh start.